 Dungeon Crawl Stone Soup version 0.29.1-14-g9c671dbff4 (webtiles) character file.

Game seed: 15237363903265695455

107 Ast3rio the Trooper (level 4, -2/41 HPs)
             Began as a Hill Orc Fighter on Feb 14, 2023.
             Slain by an orc
             ... wielding a +0 hand axe
              (5 damage)
             ... on level 3 of the Dungeon.
             The game lasted 00:05:31 (2382 turns).

Ast3rio the Trooper (Hill Orc Fighter)              Turns: 2382, Time: 00:05:39

Health: -2/41      AC:  7    Str: 20    XL:     4   Next: 85%
Magic:  4/4        EV:  9    Int:  8    God:
Gold:   121        SH:  0    Dex: 10    Spells: 3/3 levels left

rFire   . . .      SeeInvis .   a - +2 war axe
rCold   . . .      Faith    .   c - +0 buckler
rNeg    . . .      Spirit   .   b - +0 scale mail
rPois   .          Reflect  .   (no helmet)
rElec   .          Harm     .   (no cloak)
rCorr   .          Rampage  .   (no gloves)
Will    .....                   (no boots)
Stlth   ..........              (no amulet)
HPRegen 0.13/turn               (no ring)
MPRegen 0.09/turn               (no ring)

@: confused, mighty
A: no striking features
a: no special abilities


You were on level 3 of the Dungeon.
You visited 1 branch of the dungeon, and saw 3 of its levels.

You collected 121 gold pieces.

Inventory:

Hand Weapons
 a - a +2 war axe (weapon)
Armour
 b - a +0 scale mail (worn)
 c - a +0 buckler (worn)
Jewellery
 f - an amulet of the acrobat
 l - a ring of see invisible
 p - a +6 ring of strength
Scrolls
 h - a scroll of teleportation
 k - a scroll of enchant armour {unknown}
 m - a scroll of amnesia
 n - a scroll of poison {unknown}
 o - a scroll of summoning {unknown}
Potions
 e - a potion of brilliance {unknown}
 g - a potion of ambrosia {unknown}
 i - 2 potions of magic {unknown}
 j - a potion of mutation {unknown}


   Skills:
 + Level 4.8 Fighting
 + Level 4.2 Axes
 + Level 3.8 Armour
 + Level 0.2 Dodging
 + Level 0.4 Stealth
 + Level 3.5 Shields


You had 3 spell levels left.
You didn't know any spells.
Your spell library contained the following spells:

 Spells                   Type           Power      Damage    Failure   Level
 Portal Projectile        Hex/Tloc       0%         N/A       99%         3
 Tukima's Dance           Hex            0%         N/A       99%         3
 Blade Hands              Tmut           0%         N/A       100%        5


Dungeon Overview and Level Annotations

Branches:
Dungeon (3/15)

Altars:


Message History

Sorry, you're not good enough to have a special ability.
Sorry, you're not good enough to have a special ability.
Sorry, you're not good enough to have a special ability.
Sorry, you're not good enough to have a special ability.
Sorry, you're not good enough to have a special ability.
Sorry, you're not good enough to have a special ability.
Sorry, you're not good enough to have a special ability.
Sorry, you're not good enough to have a special ability.
The orc wizard gestures at you while chanting.
You are confused.
You bump into the rock wall.
The orc wizard misses you.
You miss the orc wizard.
The orc wizard is moderately wounded.
The orc wizard barely misses you.
You closely miss the orc wizard.
The orc wizard is moderately wounded.
The orc wizard hits you but does no damage.
You bump into the rock wall.
The orc wizard barely misses you.
The orc wizard attacks as you move away!
The orc wizard hits you but does no damage.
You're too confused to move!
You feel less confused.
The orc wizard points at you and mumbles some strange words.
The magic dart hits you!
* * * LOW HITPOINT WARNING * * *
You feel very mighty all of a sudden.
You closely miss the orc wizard.
The orc wizard is moderately wounded.
You hit the orc but do no damage.
The orc wizard points at you and mumbles some strange words.
You are confused.
The orc misses you.
You miss the orc wizard.
The orc wizard is moderately wounded.
You barely miss the orc. x2; The orc hits you with a +0 mace.
* * * LOW HITPOINT WARNING * * *
The orc wizard hits you with a +0 dagger.
* * * LOW HITPOINT WARNING * * *
The orc hits you with a +0 hand axe.
You die...

.
###########....###.#
..
+.........'......#.#
...
##......###....#.#.#
.... #......#
#....#.#.# .....
#......# ######....
....[.##......#
###.# #...).......+
........#
######oo....#
######### #o@....#
#......# #......#
#......# ########


You could see an orc wizard and 2 orcs.

Vanquished Creatures
  An orc wizard (D:3)
  2 adders (D:2)
  2 worms (D:2)
  2 dart slugs
  An orc (D:3)
  4 ball pythons
  3 bats
  8 endoplasms
  6 goblins
  7 hobgoblins
  5 kobolds
  4 quokkas
  4 frilled lizards
  5 rats
54 creatures vanquished.

Notes
Turn   | Place    | Note
-------+----------+-------------------------------------------
     0 | D:1      | Ast3rio the Hill Orc Fighter began the quest for the Orb.
     0 | D:1      | Reached XP level 1. HP: 19/19 MP: 1/1
   367 | D:1      | Reached XP level 2. HP: 25/27 MP: 2/2
   994 | D:1      | Reached XP level 3. HP: 31/33 MP: 3/3
  1725 | D:2      | Reached XP level 4. HP: 34/41 MP: 4/4
  2382 | D:3      | Slain by an orc

Illustrated notes

Levels and vault maps discovered:
D:1:      grunt_arrival_crossed_arrows, layout_basic, roderic_lattice_a,
          hex_intersection
D:2:      layout_loops_ring
D:3:      layout_basic, kennysheep_generic_room_14, uniq_grinder

Skill      XL: |  1  2  3  4 |
---------------+-------------+-----
Fighting       | 4 |  4.8
Axes           | 3 4 |  4.2
Armour         | |  3.8
Dodging        | |  0.2
Stealth        | |  0.4
Shields        | |  3.5

Action                   |  1- 3 |  4- 6 || total
-------------------------+-------+-------++-------
Melee: War axe           |   101 |    69 ||   170
  Use: Scroll            |     4 |       ||     4
       Potion            |       |     1 ||     1
Armor: Scale mail        |    51 |    29 ||    80
Dodge: Dodged            |    35 |    27 ||    62
Block: Buckler           |    23 |    15 ||    38
